 Dungeon Crawl Stone Soup version 0.27-a0-972-gd1521fd518 (webtiles) character file.

Game seed: 17176605882544729386

141 Alarkh the Insei (level 5, 39/39 HPs)
             Began as a Demonspawn Transmuter on Apr 13, 2021.
             Got out of the dungeon alive.
             The game lasted 00:02:04 (1886 turns).

Alarkh the Insei (Demonspawn Transmuter)            Turns: 1886, Time: 00:02:05

Health: 39/39      AC:  7    Str: 10    XL:     5   Next: 3%
Magic:  9/9        EV: 10    Int: 16    God:
Gold:   85         SH:  4    Dex: 13    Spells: 8/9 levels left

rFire    . . .     SeeInvis .     - Unarmed
rCold    . . .     Faith    .   (no shield)
rNeg     . . .     Spirit   .   b - +0 ring mail {Will+}
rPois    .         Reflect  .   (helmet restricted)
rElec    .         Harm     .   (no cloak)
rCorr    .         Rampage  .   l - +0 pair of gloves
Will     +....                  (no boots)
Stlth    +.........             (no amulet)
HPRegen  0.13/turn              (no ring)
MPRegen  0.11/turn              (no ring)

@: no status effects
A: antennae 1, rugged brown scales 1, powered by death 1, condensation shield
a: no special abilities


You escaped.
You visited 1 branch of the dungeon, and saw 3 of its levels.

You collected 85 gold pieces.

Inventory:

Armour
 a - a +0 robe
 b - a +0 ring mail of willpower (worn)
 l - a +0 pair of gloves (worn)
Scrolls
 c - a scroll of magic mapping {unknown}
 f - 2 scrolls of identify {unknown}
 h - a scroll of acquirement {unknown}
 i - a scroll of immolation {unknown}
 j - 2 scrolls of vulnerability {unknown}
 m - a scroll of enchant armour {unknown}
 n - a scroll of fear {unknown}
 o - a scroll of enchant weapon {unknown}
Potions
 e - a potion of curing
 g - a potion of cancellation {unknown}
 k - a potion of degeneration {unknown}


   Skills:
 + Level 2.2 Fighting
 - Level 1.7 Dodging
 * Level 3.9 Unarmed Combat
 + Level 2.7 Spellcasting
 + Level 2.6 Transmutations


You had 8 spell levels left.
You knew the following spells:

 Your Spells              Type           Power      Damage    Failure   Level
a - Beastly Appendage     Tmut           20%        N/A       17%         1

Your spell library contained the following spells:

 Spells                   Type           Power      Damage    Failure   Level
 Wereblood                Tmut           10%        N/A       26%         2
 Spider Form              Tmut/Pois      3%         N/A       65%         3
 Ice Form                 Ice/Tmut       6%         N/A       96%         4
 Hydra Form               Tmut           5%         N/A       99%         5


Dungeon Overview and Level Annotations

Branches:
Dungeon (3/15)

Altars:


Innate Abilities, Weirdness & Mutations

You have a pair of small antennae on your head.
You are partially covered in rugged brown scales. (AC +1, +3% HP)
You regenerate a little health from kills.
A meltable shield of frost defends you. (SH +4)


Message History

Jessica shouts!
Jessica is nearby!
Jessica is nearby!
Casting: Beastly Appendage (safe; 19% risk of failure)
Confirm with . or Enter, or press ? or * to list all spells.
You grow a pair of large bovine horns.
Your feet morph into talons.
Unknown command.
Jessica barely misses you.
You closely miss Jessica. You headbutt Jessica.
Jessica is moderately wounded.
Jessica gestures wildly while chanting.
Jessica blinks!
You barely miss Jessica.
Jessica is moderately wounded.
Jessica barely misses you.
You barely miss Jessica. Your kick misses Jessica.
Jessica is moderately wounded.
You block Jessica's attack.
You hit Jessica. You claw Jessica.
You kill Jessica!
You have reached level 5!
Your demonic ancestry asserts itself...
The horns on your head shrink a bit. The horns on your head shrink away.
A pair of antennae grows on your head!
Okay, then.
(D) Dungeon
Where to? (Enter - D:3, ? - help)
What level of the Dungeon? (default 1, ? - help)
Your transformation is almost over.
Magic restored.
Your talons disappear.
There is a stone staircase leading up here.
You climb upwards.
There is a stone staircase leading down here.
There is a stone staircase leading up here.
You climb upwards.
There is a stone staircase leading down here.
There is a staircase leading out of the dungeon here.
Are you sure you want to leave the Dungeon?
This will make you lose the game!
You have escaped!

###........##.......###
...........##.........#
###........##.#####.#.##
..#.......####.###.##..#
#.####.##...###.#.####.#
#.####.##..## ##.## ##.#
.......##.#.###.#.###.##
#
#.###.....##.#.#.#.#.##
# #.# ##.##.###.#.@.#.##
#### ..#
#.##.##.#.#.#.#.## #...
### #.##.#.###.#.###.##
#.## #..#..## ##.##
##.#######.## ##.####
##.#.###..........##
#...#
##.###.#.#.##########
#...# #.#####..#.# #.
#...# #.#.#......# #.
#...#
#...#..#.###########.


There were no monsters in sight!

Vanquished Creatures
  A bullfrog (D:3)
  Jessica (D:3)
  An adder (D:2)
  3 worms
  2 dart slugs (D:2)
  4 endoplasms
  A giant cockroach (D:2)
  A hobgoblin (D:2)
  5 kobolds
  3 quokkas
  3 ball pythons
  2 bats
  3 goblins
  4 rats
34 creatures vanquished.

Notes
Turn   | Place    | Note
-------+----------+-------------------------------------------
     0 | D:1      | Alarkh the Demonspawn Transmuter began the quest for the
                  | Orb.
     0 | D:1      | Reached XP level 1. HP: 15/15 MP: 3/3
   107 | D:1      | Found a faded altar of an unknown god.
   279 | D:1      | Gained mutation: You regenerate a little health from kills.
                  | [demonic ancestry]
   279 | D:1      | Reached XP level 2. HP: 17/21 MP: 3/5
   795 | D:2      | Reached skill level 3 in Unarmed Combat
  1108 | D:2      | Gained mutation: A meltable shield of frost defends you.
                  | (SH +4) [demonic ancestry]
  1108 | D:2      | Reached XP level 3. HP: 24/26 MP: 3/6
  1594 | D:3      | Noticed a bullfrog
  1610 | D:3      | Killed a bullfrog
  1611 | D:3      | Gained mutation: You are partially covered in rugged brown
                  | scales. (AC +1, +3% HP) [demonic ancestry]
  1611 | D:3      | Reached XP level 4. HP: 17/33 MP: 6/8
  1752 | D:3      | Noticed Jessica
  1760 | D:3      | Killed Jessica
  1761 | D:3      | Lost mutation: You have a pair of horns on your head.
                  | [demonic ancestry]
  1761 | D:3      | Lost mutation: You have a pair of small horns on your head.
                  | [demonic ancestry]
  1761 | D:3      | Gained mutation: You have a pair of small antennae on your
                  | head. [demonic ancestry]
  1761 | D:3      | Reached XP level 5. HP: 37/39 MP: 7/9
  1886 | D:$      | Got out of the dungeon alive.

Illustrated notes

Levels and vault maps discovered:
D:1:      minmay_arrival_diagonal_passages, layout_loops_cross,
          basic_ecumenical_altar, skrybe_limestone_x
D:2:      layout_basic, st_stairs_2
D:3:      kb_forest_paths, layout_rooms, minmay_parallelograms, uniq_jessica,
          uniq_sigmund

Skill      XL: |  1  2  3 |
---------------+----------+-----
Transmutations | 2 |  2.6
Unarmed Combat | 3 |  3.9
Fighting       | 2 |  2.2
Dodging        | |  1.7
Spellcasting   | |  2.7

Action                   |  1- 3 |  4- 6 || total
-------------------------+-------+-------++-------
Melee: Unarmed           |   127 |     5 ||   132
       Kick              |    19 |     1 ||    20
       Headbutt          |    19 |     1 ||    20
       Punch             |     1 |       ||     1
 Cast: Beastly Appendage |    20 |     1 ||    21
  Use: Potion            |     2 |       ||     2
Armor: Ring mail         |    34 |       ||    34
       Robe              |     1 |       ||     1
       Skin              |     6 |       ||     6
Dodge: Dodged            |    41 |     2 ||    43
Block: Other             |    16 |     1 ||    17

Table legend: (Time is in decaauts)
 A = Elapsed time spent in this place.
 B = Non-inter-level travel time spent in this place.
 C = Inter-level travel time spent in this place.
 D = Time resting spent in this place.
 E = Time spent auto-exploring this place.
 F = Levels seen in this place.
 G = Mean time per level.
                   A        B        C        D        E       F      G
               +--------+--------+--------+--------+--------+-----+--------+
         Total |   1880 |   1723 |    157 |    107 |   1339 |   3 |  626.7 |
       Dungeon |   1880 |   1723 |    157 |    107 |   1339 |   3 |  626.7 |
               +--------+--------+--------+--------+--------+-----+--------+

Top non-repeatable levels by time:
     D:1: 738 daAuts
     D:2: 603 daAuts
     D:3: 537 daAuts
